 Dungeon Crawl Stone Soup version 0.17-a0-1996-gd2c0ec8 (webtiles) character file.

1381 Alipheese the Summoner (level 8, 0/62 HPs)
             Began as a Naga Summoner on Oct 7, 2015.
             Was a Believer of Cheibriados.
             Slain by a sky beast (6 damage)
             ... on level 7 of the Dungeon.
             The game lasted 00:19:56 (9050 turns).

Alipheese the Summoner (Naga Summoner)              Turns: 9050, Time: 00:19:57

Health: 0/62       AC: -3    Str: 17    XL:     8   Next: 67%
Magic:  9/11       EV: 10    Int: 34    God:    Cheibriados [**....]
Gold:   129        SH:  0    Dex: 17    Spells: 3 memorised, 2 levels left

rFire  . . .     SeeInvis +     j - +6 long sword of Midwinter {flame, *Corrode rPois Int+10 Stlth+}
rCold  . . .     Clarity  .     a - +1 robe
rNeg   . . .     SustAt   .     (no shield)
rPois  +         Gourm    .     (no helmet)
rElec  .         Spirit   .     (no cloak)
rCorr  .         Warding  .     (no gloves)
rMut   .         Stasis   .     (no barding)
MR     +....                    (no amulet)
Stlth  ++++......               (no ring)
                                (no ring)

@: about to teleport, corroded equipment, very slow, somewhat resistant to
hostile enchantments, stealthy
A: see invisible, deformed body, poison resistance, slowness 2, slow metabolism
1, spit poison 2, AC +2
a: Spit Poison, Bend Time, Renounce Religion


You were on level 7 of the Dungeon.
You worshipped Cheibriados.
Cheibriados was pleased with you.
You were not hungry.

You visited 2 branches of the dungeon, and saw 8 of its levels.
You also visited: Ossuary.

You collected 297 gold pieces.
You spent 168 gold pieces at shops.


Innate Abilities, Weirdness & Mutations

You cannot wear boots.
Your serpentine skin is tough (AC +2).
You have supernaturally acute eyesight.
Armour fits poorly on your strangely shaped body.
Your system is resistant to poisons.
You cover ground very slowly.
You have a slow metabolism.
You can spit poison.

Inventory:

Hand Weapons
 j - the +6 long sword of Midwinter (weapon) {flame, *Corrode rPois Int+10 Stlth+}
   (You found it on level 5 of the Dungeon)

   It has been specially enchanted to burn those struck by it, causing extra
   injury to most foes and up to half again as much damage against particularly
   susceptible opponents.
   Big, fiery blades are also staple armaments of hydra-hunters.
   It affects your intelligence (+10).
   It protects you from poison.
   It may corrode your equipment when you take damage.
   It makes you more stealthy.
 s - a +5 dagger
Missiles
 y - 2 throwing nets (quivered)
Armour
 a - a +1 robe (worn)
 k - a +2 large shield
 A - the +2 ring mail of Qogym {Str+2}
   (You found it on level 7 of the Dungeon)

   It affects your strength (+2).
Magical Staves
 t - an uncursed staff of power {MP+15}
Wands
 u - a wand of draining (8)
 x - a wand of invisibility (9) {!V}
Scrolls
 d - a scroll of magic mapping
 l - 4 scrolls of remove curse
 r - a scroll of teleportation
 w - a scroll of identify
Potions
 e - a potion of magic {unknown}
 f - 2 potions of agility {unknown}
 g - 4 potions of ambrosia {unknown}
 h - 3 potions of curing {unknown}
 i - 2 potions of invisibility {unknown}
 m - a potion of might
 n - 3 potions of brilliance {unknown}
 o - 5 potions of heal wounds {unknown}
 p - 3 potions of beneficial mutation {unknown}
 z - a potion of degeneration {unknown}
 B - a potion of poison {unknown}
 D - a potion of lignification {unknown}
Books
 b - a book of Callings

   Spells                             Type                      Level
   a - Summon Small Mammal            Summoning                    1
   b - Call Imp                       Summoning                    2
   c - Call Canine Familiar           Summoning                    3
   d - Summon Guardian Golem          Hexes/Summoning              3
   e - Summon Lightning Spire         Summoning/Air                4
   f - Summon Ice Beast               Ice/Summoning                4
 q - a book of Party Tricks

   Spells                             Type                      Level
   a - Summon Butterflies             Summoning                    1
   b - Apportation                    Translocation                1
   c - Tukima's Dance                 Hexes                        3
   d - Alistair's Intoxication        Transmutation/Poison         4
   e - Invisibility                   Hexes                        6
Comestibles
 c - 6 bread rations


You had 2 spell levels left.
You knew the following spells:

 Your Spells              Type           Power        Failure   Level  Hunger
a - Summon Small Mammal   Summ           ####         1%          1    None
b - Summon Ice Beast      Ice/Summ       #####...     8%          4    ####...
c - Summon Lightning Spi  Summ/Air       ####....     12%         4    ####...


   Skills:
 * Level 6.1 Long Blades
 - Level 1.5 Dodging
 - Level 3.0 Stealth
 - Level 2.1 Spellcasting
 + Level 8.5 Summonings
 - Level 3.0 Ice Magic

Dungeon Overview and Level Annotations

Branches:
Dungeon (7/15)             Temple (1/1) D:5

Altars:
Ashenzari
Cheibriados
Dithmenos
Elyvilon
Fedhas
Gozag
Kikubaaqudgha
Makhleb
Nemelex Xobeh
Okawaru
Qazlal
Ru
Sif Muna
Trog
Vehumet
Xom
Yredelemnul
Zin
The Shining One

Shops:
D:6 }[=

Annotations:
D:5 Eustachio

Vault maps used:
D:1:      dpeg_arrival_stone_temple_mockup, minmay_misc_feat_cross,
          serial_bayou_lagoon_a
D:2:      grunt_temple_overflow_open, lemuel_doored_altar, first_bread,
          kennysheep_generic_room_15
D:3:      nicolae_overflow_crystal_walls, minmay_misc_feat_rugged, trog_book
D:4:      overflow_temple_1_default, wad_floor_pattern_2
D:5:      evilmike_ruin_ashenzari, minmay_temple_entry_butterflies,
          uniq_eustachio
D:6:      old_standard_altar, serial_shops,
          nicolae_shop_competitors_out_of_business, shop, shop_fountains,
          chei_slow_surprise
D:7:      enter_ossuary_2, uniq_crazy_yiuf_cottage, uniq_joseph, uniq_menkaure
Temple:   circular_temple_12
Ossuary:  ossuary_due_pyramid
You       could see a sky beast.


Message History

* * * LOW HITPOINT WARNING * * *
The sky beast shocks you.
* * * LOW HITPOINT WARNING * * *
Your corrosive artefact corrodes you!
You take 8 damage, and have 32/62 hp.
You closely miss the sky beast.
The sky beast is heavily wounded.
The sky beast flickers out of sight for a moment.
The sky beast barely misses you.
Unknown command.
You hit the sky beast but do no damage.
The sky beast is heavily wounded.
The sky beast hits you.
* * * LOW HITPOINT WARNING * * *
The sky beast shocks you.
* * * LOW HITPOINT WARNING * * *
Your corrosive artefact corrodes you!
The sky beast barely misses you.
You take 7 damage, and have 26/62 hp.
Unknown command.
What do you say? t - Shout!
Orders for allies: a - Attack new target. r - Retreat! s - Stop attacking. w - Wait here. f - Follow me.
Anything else - Stay silent.
Gang up on whom?
Press: ? - help, Dir - move target cursor, f - sky beast
Aim: a sky beast (rain, heavily wounded) Attack!
The sky beast closely misses you. The sky beast hits you.
* * * LOW HITPOINT WARNING * * *
The sky beast shocks you.
* * * LOW HITPOINT WARNING * * *
The sky beast hits you.
* * * LOW HITPOINT WARNING * * *
The sky beast shocks you.
* * * LOW HITPOINT WARNING * * *
You take 18 damage, and have 8/62 hp.
MASSIVE DAMAGE!!
Unknown command.
Unknown command.
Drink which item? (? for menu, Esc to quit)
Okay, then.
Read which item? (? for menu, Esc to quit)
As you read the scroll of teleportation, it crumbles to dust.
You feel strangely unstable.
Your lightning spire disappears in a puff of smoke!
The sky beast hits you.
* * * LOW HITPOINT WARNING * * *
The sky beast shocks you.
You die...

Action                   |  1- 3 |  4- 6 |  7- 9 || total
-------------------------+-------+-------+-------++-------
Melee: Short sword       |    74 |    37 |       ||   111
       Whip              |     1 |       |       ||     1
       Dagger            |       |    94 |       ||    94
       Long sword        |       |     5 |    75 ||    80
       Staff             |       |       |     7 ||     7
 Cast: Summon Small Mamm |    63 |    54 |     4 ||   121
       Summon Ice Beast  |       |     3 |    16 ||    19
       Summon Lightning  |       |       |     9 ||     9
 Abil: Spit Poison       |    28 |    24 |    10 ||    62
  Use: Scroll            |     5 |     7 |     7 ||    19
 Stab: Sleeping          |       |       |     2 ||     2
       Distracted        |       |       |     1 ||     1
  Eat: Chunk             |     7 |     7 |     3 ||    17
       Beef jerky        |       |     3 |     1 ||     4
       Meat ration       |       |       |     2 ||     2
       Pizza             |       |       |     1 ||     1

Notes
Turn   | Place    | Note
--------------------------------------------------------------
     0 | D:1      | Alipheese the Naga Summoner began the quest for the Orb.
     0 | D:1      | Reached XP level 1. HP: 15/15 MP: 3/3
   459 | D:1      | Reached XP level 2. HP: 13/22 MP: 1/5
  1211 | D:1      | Reached XP level 3. HP: 26/28 MP: 3/6
  1358 | D:2      | Reached skill level 5 in Summonings
  1437 | D:2      | Found a sparkling altar of Nemelex Xobeh.
  1669 | D:2      | Found a blossoming altar of Fedhas.
  1671 | D:2      | Found a shadowy altar of Dithmenos.
  2730 | D:2      | Reached XP level 4. HP: 36/36 MP: 7/7
  3297 | D:3      | Learned a level 4 spell: Summon Ice Beast
  3628 | D:3      | Found a glowing golden altar of the Shining One.
  3834 | D:3      | Reached skill level 6 in Summonings
  3954 | D:3      | Found a bloodstained altar of Trog.
  4143 | D:4      | Reached XP level 5. HP: 23/42 MP: 4/8
  4465 | D:4      | Found a shimmering altar of Xom.
  4620 | D:4      | Noticed an ogre
  4628 | D:4      | Killed an ogre
  4628 | D:4      | Reached skill level 1 in Ice Magic
  4923 | D:4      | Reached XP level 6. HP: 17/49 MP: 5/9
  5405 | D:5      | Entered Level 5 of the Dungeon
  5611 | D:5      | Reached skill level 7 in Summonings
  5785 | D:5      | Found a shattered altar of Ashenzari.
  5805 | D:5      | Noticed Eustachio
  5880 | D:5      | Got an ichor-stained long sword
  5920 | D:5      | Learned a level 4 spell: Summon Lightning Spire
  5960 | D:5      | Identified the +6 long sword of Midwinter {flame, *Corrode rPois Int+10 Stlth+} (You found it on level 5 of the Dungeon)
  6022 | D:5      | Found a staircase to the Ecumenical Temple.
  6023 | D:5      | Noticed a deep elf mage
  6034 | D:5      | Killed a deep elf mage
  6034 | D:5      | Reached XP level 7. HP: 17/55 MP: 2/10
  6152 | Temple   | Entered the Ecumenical Temple
  6213 | Temple   | Became a worshipper of Cheibriados the Contemplative
  6960 | D:6      | Found Feewir's Antique Armour Shop.
  6968 | D:6      | Found a bloodstained altar of Trog.
  7016 | D:6      | Found Yblay's Jewellery Shoppe.
  7204 | D:6      | Acquired Cheibriados's first power
  7420 | D:6      | Reached XP level 8. HP: 51/62 MP: 7/11
  7424 | D:6      | Reached skill level 8 in Summonings
  7630 | D:6      | Found Saic's Gadget Emporium.
  7637 | D:6      | Bought a wand of draining (8) for 168 gold pieces
  7772 | D:6      | Found a snail-covered altar of Cheibriados.
  7965 | D:7      | Got a slimy ring mail
  7970 | D:7      | Found a sand-covered staircase.
  7972 | D:7      | Identified the +2 ring mail of Qogym {Str+2} (You found it on level 7 of the Dungeon)
  7976 | Ossuary  | Entered an ossuary
  8582 | D:7      | Noticed Menkaure
  8592 | D:7      | Killed Menkaure
  8592 | D:7      | Reached skill level 5 in Long Blades
  8692 | D:7      | Noticed Joseph
  8702 | D:7      | Killed Joseph
  9050 | D:7      | Slain by a sky beast

Table legend:
 A = Turns spent in this place as a percentage of turns spent in the entire game.
 B = Non-inter-level travel turns spent in this place as a percentage of non-inter-level travel turns spent in the entire game.
 C = Inter-level travel turns spent in this place as a percentage of turns spent in this place.
 D = Turns resting spent in this place as a percentage of non-inter-level travel turns spent in this place.
 E = Turns spent auto-exploring this place as a percentage of non-inter-level travel turns spent in this place.
 F = Non-inter-level travel turns spent in this place divided by the number of levels of this place that you've seen.
                   A       B       C       D       E      F
               +-------+-------+-------+-------+-------+----------------------
         Total | 100.0 | 100.0 |   0.3 |   4.2 |   6.7 | 299.3
       Dungeon |  88.4 |  88.4 |   0.3 |   4.3 |   7.3 | 340.1
        Temple |   1.3 |   1.3 |   0.0 |   0.0 |  17.1 |  35.0
       Ossuary |  10.3 |  10.3 |   0.0 |   3.6 |   0.0 | 278.0
               +-------+-------+-------+-------+-------+----------------------

Table legend:
 A = Kills in this place as a percentage of kills in entire the game.
 B = Kills by you in this place as a percentage of kills by you in the entire game.
 C = Kills by friends in this place as a percentage of kills by friends in the entire game.
 D = Other kills in this place as a percentage of other kills in the entire game.
 E = Experience gained in this place as a percentage of experience gained in the entire game.
 F = Experience gained in this place divided by the number of levels of this place that you have seen.
                   A       B       C       D       E      F
               +-------+-------+-------+-------+-------+----------------------
         Total | 100.0 | 100.0 | 100.0 |  -nan | 100.0 | 219.2
       Dungeon |  92.2 |  93.9 |  88.9 |  -nan |  99.0 | 279.0
       Ossuary |   7.8 |   6.1 |  11.1 |  -nan |   1.0 |  20.0
               +-------+-------+-------+-------+-------+----------------------

Vanquished Creatures
  A deep elf mage (D:5)
  Menkaure (D:7)
  A sky beast (D:6)
  2 crimson imps (D:5)
  A hound (D:6)
  An orc priest (D:5)
  2 giant frog skeletons
  2 worker ants
  3 orc wizards
  An iguana (D:5)
  A killer bee zombie (D:7)
  A worker ant zombie (D:5)
  5 adders
  A shadow imp (D:3)
  3 worms
  A giant gecko (D:2)
  7 orcs
  8 bats
  2 giant cockroaches
  11 goblins
  A hobgoblin (D:2)
  9 jackals
  5 kobolds
  4 quokkas
  3 ball pythons
  A giant gecko zombie (D:7)
  11 giant newts
  A goblin skeleton (Ossuary)
  A goblin zombie (Ossuary)
  A hobgoblin skeleton (Ossuary)
  A hobgoblin zombie (Ossuary)
  A jackal zombie (D:6)
  A kobold skeleton (Ossuary)
  A kobold zombie (Ossuary)
  An orc skeleton (Ossuary)
  An orc zombie (Ossuary)
  3 rats
  A rat zombie (Ossuary)
102 creatures vanquished.

Vanquished Creatures (collateral kills)
  Joseph (D:7)
  A hungry ghost (D:7)
  3 ogres
  A centaur (D:6)
  A gnoll shaman (D:6)
  3 orc wizards
  3 mummies
  2 adders
  3 gnolls (D:6)
  An adder zombie (D:7)
  2 worms (D:2)
  A giant gecko (D:1)
  2 orcs
  4 giant cockroaches
  5 goblins
  5 hobgoblins
  6 jackals
  2 quokkas
  2 gnoll skeletons (Ossuary)
  A goblin skeleton (Ossuary)
  A kobold (D:1)
  2 kobold skeletons (Ossuary)
  An orc zombie (Ossuary)
  3 rats
  A butterfly (D:5)
57 creatures vanquished.

Vanquished Creatures (others)
  2 mummies (Ossuary)
  4 gnoll zombies (Ossuary)
  2 gnoll skeletons (Ossuary)
  2 goblin skeletons (Ossuary)
  2 goblin zombies (Ossuary)
  5 hobgoblin skeletons (Ossuary)
  2 hobgoblin zombies (Ossuary)
  4 kobold skeletons (Ossuary)
  2 kobold zombies (Ossuary)
  An orc skeleton (Ossuary)
  6 orc zombies (Ossuary)
  2 rat skeletons (Ossuary)
  3 rat zombies (Ossuary)
37 creatures vanquished.

Grand Total: 196 creatures vanquished
